 Dungeon Crawl Stone Soup version 0.29.1-15-g9cfb28693d (webtiles) character file.

Game seed: 4869469118702622850

31 leafyfresh the Sneak (level 3, -3/26 HPs)
             Began as an Octopode Delver on Apr 19, 2023.
             Slain by a scorpion (5 damage)
             ... on level 5 of the Dungeon.
             The game lasted 00:00:11 (90 turns).

leafyfresh the Sneak (Octopode Delver)                Turns: 90, Time: 00:00:12

Health: -3/26      AC:  1    Str: 11    XL:     3   Next: 22%
Magic:  3/3        EV: 13    Int: 14    God:
Gold:   0          SH:  0    Dex: 13    Spells: 2/2 levels left

rFire   . . .      SeeInvis .   a - +0 short sword
rCold   . . .      Faith    .   (no shield)
rNeg    . . .      Spirit   .   (helmet restricted)
rPois   .          Reflect  .   (no amulet)
rElec   .          Harm     .   (no ring)
rCorr   .          Rampage  .   (no ring)
Will    .....                   (no ring)
Stlth   ++++......              (no ring)
HPRegen 0.08/turn               (no ring)
MPRegen 0.08/turn               (no ring)
                                (no ring)
                                (no ring)

@: no status effects
A: almost no armour, amphibious, 8 rings, camouflage 1, gelatinous body 1,
(nimble swimmer 1), tentacles
a: no special abilities


You were on level 5 of the Dungeon.
You visited 1 branch of the dungeon, and saw 1 of its levels.

Inventory:

Hand Weapons
 a - a +0 short sword (weapon)
Wands
 f - a wand of digging (3)
Scrolls
 b - a scroll of fog
 c - a scroll of magic mapping
Potions
 e - a potion of haste


   Skills:
 + Level 3.4 Fighting
 - Level 2.0 Short Blades
 + Level 2.6 Dodging
 + Level 7.1 Stealth


You had 2 spell levels left.
You didn't know any spells.
Your spell library was empty.

Dungeon Overview and Level Annotations

Branches:
Dungeon (5/15)
 Temple: D:4-7

Altars:


Innate Abilities, Weirdness & Mutations

You cannot wear most types of armour.
You are amphibious.
You can wear up to eight rings at the same time.
Your skin changes colour to match your surroundings (Stealth+).
Your rubbery body absorbs attacks. (AC +1, EV +1)
((You are camouflaged when in or above water. (Stealth+)))
You have tentacles for arms and can constrict up to eight enemies at once.


Message History

Increase (S)trength, (I)ntelligence, or (D)exterity?
You feel clever. x2
Unknown command.
HP restored.
An ufetubus comes into view.
You see here a hound corpse.
An ufetubus is nearby!
A scorpion comes into view.
The ufetubus shouts!
You hear an angry hiss.
A scorpion comes into view.
The ufetubus hits you. The ufetubus barely misses you.
A phantom comes into view.
There are monsters nearby!
You hit the ufetubus. Your grab misses the ufetubus.
The ufetubus is heavily wounded.
The ufetubus barely misses you. The ufetubus hits you.
You closely miss the ufetubus. Your grab misses the ufetubus.
The ufetubus is heavily wounded.
The ufetubus hits you. x3
* * * LOW HITPOINT WARNING * * *
The ufetubus hits you.
* * * LOW HITPOINT WARNING * * *
Unknown command.
As you read the scroll of fear, it crumbles to dust.
You assume a fearsome visage.
The scorpion looks frightened!
The ufetubus looks frightened!
The phantom is unaffected.
An iguana comes into view.
Unknown command.
The scorpion attacks as you move away! The scorpion stings you.
* * * LOW HITPOINT WARNING * * *
You hit the scorpion but do no damage. You grab the scorpion.
You squeeze the scorpion.
The scorpion is lightly wounded.
You constrict the scorpion, but do no damage.
The scorpion barely misses you.
You hit the scorpion. Your squeeze misses the scorpion.
The scorpion is moderately wounded.
You constrict the scorpion, but do no damage.
The scorpion stings you.
You die...

## #.# ### ..
...#.. ###
#l..#.#.# .?.
#Ws...###.#
#s#..$# #.@.#
#.†#### #####
#.....#
#...####.###.#
#.#......# #
## #.########
+..## ##.#
#...##..#
#..#.##


You could see a scorpion.

Vanquished Creatures
  A hound (D:5)
1 creature vanquished.

Notes
Turn   | Place    | Note
-------+----------+-------------------------------------------
     0 | D:5      | leafyfresh the Octopode Delver began the quest for the Orb.
     0 | D:5      | Reached XP level 1. HP: 16/16 MP: 1/1
    14 | D:5      | Noticed a hound
    20 | D:5      | Killed a hound
    21 | D:5      | Reached skill level 7 in Stealth
    21 | D:5      | Reached XP level 2. HP: 17/21 MP: 2/2
    21 | D:5      | Reached XP level 3. HP: 21/26 MP: 3/3
    84 | D:5      | Noticed a scorpion
    84 | D:5      | Noticed a scorpion
    84 | D:5      | Noticed a phantom
    90 | D:5      | Slain by a scorpion

Illustrated notes

Levels and vault maps discovered:
D:5:      minmay_spotlight, layout_basic, nicolae_qazlal_scattered_showers,
          tso_altar

Skill      XL: |  1 |
---------------+----+-----
Stealth        | 7 |  7.1
Fighting       | |  3.4
Short Blades   | |  2.0
Dodging        | |  2.6

Action                   || total
-------------------------++-------
Melee: Short sword       ||     8
       Constrict         ||     2
       Tentacles         ||     1
  Use: Scroll            ||     1
 Stab: Sleeping          ||     1
Dodge: Dodged            ||     6
